 Dungeon Crawl Stone Soup version 0.20-b1-2-gc5a9893 (webtiles) character file.

34 Gorglomux the Cudgeler (level 3, -3/24 HPs)
             Began as a Gargoyle Monk on May 21, 2017.
             Slain by a goblin
             ... wielding a +0 club
             ... led by Robin
              (4 damage)
             ... on level 2 of the Dungeon.
             The game lasted 00:01:37 (1233 turns).

Gorglomux the Cudgeler (Gargoyle Monk)              Turns: 1233, Time: 00:01:38

Health: -3/24      AC:  5    Str: 19    XL:     3   Next: 31%
Magic:  3/3        EV: 13    Int: 10    God:
Gold:   33         SH:  0    Dex: 13    Spells: 2/2 levels left

rFire    . . .     SeeInvis .   a - +0 mace
rCold    . . .     Gourm    .   (no shield)
rNeg     + . .     Faith    .   b - +0 robe
rPois    ∞         Spirit   .   (no helmet)
rElec    +         Reflect  .   (no cloak)
rCorr    .         Harm     .   (no gloves)
MR       .....                  (no boots)
Stlth    ++........             (no amulet)
Regen    0.1/turn               (no ring)
MPRegen  0.1/turn               (no ring)

@: mighty, flying
A: negative energy resistance 1, electricity resistance, unbreathing,
petrification resistance, rot immunity, AC +3
a: no special abilities


You were on level 2 of the Dungeon.
You were not hungry.

You visited 1 branch of the dungeon, and saw 2 of its levels.

You collected 33 gold pieces.

Inventory:

Hand Weapons
 a - a +0 mace (weapon)
Armour
 b - a +0 robe (worn)
Jewellery
 h - an uncursed ring of see invisible {unknown}
   (You found it on level 1 of the Dungeon)
Scrolls
 d - 2 scrolls of enchant armour {unknown}
 e - a scroll of recharging {unknown}
 j - a scroll of identify {unknown}
 l - a scroll of fear {unknown}
 m - a scroll of teleportation {unknown}
Potions
 g - a potion of flight
 k - 2 potions of lignification {unknown}
 n - a potion of might
Comestibles
 c - 2 bread rations {@e1}
 f - a meat ration {@e2}
 i - 3 chunks of flesh {@w0}


   Skills:
 + Level 3.8 Fighting
 * Level 3.9 Maces & Flails
 - Level 2.4 Dodging
 - Level 2.1 Stealth


You had 2 spell levels left.
You didn't know any spells.

Dungeon Overview and Level Annotations

Branches:
Dungeon (2/15)

Altars:

Annotations:
D:2 Robin


Innate Abilities, Weirdness & Mutations

You are resistant to torment.
Your stone body is resilient. (AC +3)
You are immune to poison.
You resist negative energy. (rN+)
You are resistant to electric shocks. (rElec)
You can survive without breathing.
You are immune to petrification.
You are immune to rotting.


Message History

You kill the kobold!
No target in view!
No target in view!
No target in view!
No target in view!
No target in view!
No target in view!
You see here a kobold corpse.
Eating a chunk of flesh {@w0}.
You eat the chunk of flesh {@w0}.
A goblin comes into view. It is wielding a dagger.
A goblin is nearby!
A goblin is nearby!
The goblin shouts!
You closely miss the goblin. The goblin hits you but does no damage.
You hit the goblin. The goblin closely misses you. The goblin misses you.
You miss the goblin. The goblin hits you but does no damage.
You hit the goblin.
You kill the goblin!
No target in view!
No target in view!
No target in view!
No target in view!
No target in view!
No target in view!
Things that are here:
a dagger; a goblin corpse You butcher the goblin corpse.
i - 3 chunks of flesh {@w0} You see here a dagger.
Done exploring.
Done exploring.
No target in view!
Done exploring.
No target in view!
Done exploring.
No target in view!
No target in view!
(D) Dungeon
Where to? (? - help)
There is a stone staircase leading down here.
You climb downwards.
A hobgoblin comes into view. It is wielding a club.
There is a stone staircase leading up here.
A hobgoblin is nearby!
A goblin and a hobgoblin come into view. 2 goblins and Robin come into view.
Robin is wielding a mace of holy wrath.
The goblin shouts!
A goblin comes into view.
It is wielding a club. 2 goblins and a dart slug come into view.
The goblin shouts!
A goblin comes into view.
A rat, a goblin and a hobgoblin come into view.
The goblin shouts! x2
An adder comes into view.
The hobgoblin shouts!
The goblin hits you with a club. The goblin hits you but does no damage.
The goblin shouts!
The hobgoblin shouts!
The goblin shouts!
The adder hisses angrily.
You thump the goblin!
You kill the goblin!
Robin roars a battlecry!
The goblins go into a battle-frenzy!
The goblin closely misses you.
You barely miss the goblin. Robin throws the goblin at you!
The goblin closely misses you. The goblin completely misses you.
You hit the goblin but do no damage. The goblin hits you.
Robin throws the goblin at you! The goblin hits you but does no damage.
The hobgoblin barely misses you. The goblin hits you but does no damage.
The goblin completely misses you. The goblin hits you with a club.
You hit the goblin.
You kill the goblin!
The goblin hits you but does no damage. The goblin hits you with a dagger.
The hobgoblin barely misses you. The goblin closely misses you. x2
A hobgoblin comes into view.
The hobgoblin shouts!
You hit the goblin. The goblin hits you but does no damage.
The goblin misses you. x2; The hobgoblin hits you with a club.
The goblin hits you with a club. The goblin closely misses you.
Robin throws the goblin at you! The goblin hits you.
The goblin barely misses you. The goblin closely misses you.
You are too injured to fight recklessly!
You are too injured to fight recklessly!
It was a potion of might.
You feel very mighty all of a sudden. The hobgoblin closely misses you.
The goblin hits you with a club. The goblin closely misses you.
The adder bites you.
* * * LOW HITPOINT WARNING * * *
The dart slug barely misses you. The goblin closely misses you.
The goblin hits you but does no damage.
A gnoll comes into view. It is wielding an enchanted flail.
Unknown command.
It was a potion of flight.
You feel very buoyant.
You fly up into the air.
The goblin hits you but does no damage. The hobgoblin hits you with a club.
* * * LOW HITPOINT WARNING * * *
The adder bites you.
* * * LOW HITPOINT WARNING * * *
The goblin hits you with a club.
You die...

#...###...#
........$+ .
....$....# ..
#..<.+ #.## #....#
.#.... #.###.....
......##.###.....
......wgg.........
.....gg@g.........
.....gSggr.....#.#
......gg..........
........#.......
...g....####....
........# ....
........# ..
.g......#


You could see Robin, a gnoll (wandering), an adder, a dart slug, 4 hobgoblins, 6
goblins and a rat.

Vanquished Creatures
  2 dart slugs (D:1)
  2 bats (D:1)
  A giant cockroach (D:1)
  5 goblins
  4 hobgoblins (D:1)
  4 jackals (D:1)
  4 kobolds (D:1)
  A frilled lizard (D:1)
  3 rats (D:1)
26 creatures vanquished.

Notes
Turn   | Place    | Note
-------+----------+-------------------------------------------
     0 | D:1      | Gorglomux the Gargoyle Monk began the quest for the Orb.
     0 | D:1      | Reached XP level 1. HP: 14/14 MP: 1/1
     0 | D:1      | Gorglomux: !hs * -log
     0 | D:1      | beem: 7286493. PurpleRed, XL27 DECj, T:19065: https://crawl.project357.org/morgue/PurpleRed/morgue-PurpleRed-20160927-082602.txt
   214 | D:1      | HP: 3/14 [hobgoblin/club (2)]
   216 | D:1      | Reached XP level 2. HP: 5/19 MP: 2/2
   798 | D:1      | Reached XP level 3. HP: 18/24 MP: 3/3
  1223 | D:2      | Noticed Robin
  1233 | D:2      | HP: 3/24 [hobgoblin/club[Robin] (4)]
  1233 | D:2      | HP: 1/24 [adder (2)]
  1233 | D:2      | Slain by a goblin

Action                   || total
-------------------------++-------
Melee: Mace              ||    83
  Use: Potion            ||     2
 Stab: Sleeping          ||     3
  Eat: Chunk             ||     1
Armor: Robe              ||    32
Dodge: Dodged            ||    61

Vault maps used:
D:1:      mainiacjoe_arrival_reflecting_pool
D:2:      chequers_temple_overflow_minitemple, bloody_trog, uniq_robin

Table legend:
 A = Turns spent in this place as a percentage of turns spent in the entire game.
 B = Non-inter-level travel turns spent in this place as a percentage of non-inter-level travel turns spent in the entire game.
 C = Inter-level travel turns spent in this place as a percentage of turns spent in this place.
 D = Turns resting spent in this place as a percentage of non-inter-level travel turns spent in this place.
 E = Turns spent auto-exploring this place as a percentage of non-inter-level travel turns spent in this place.
 F = Non-inter-level travel turns spent in this place divided by the number of levels of this place that you've seen.
                   A       B       C       D       E      F
               +-------+-------+-------+-------+-------+----------------------
         Total | 100.0 | 100.0 |   0.3 |   1.9 |  10.0 | 155.0
       Dungeon | 100.0 | 100.0 |   0.3 |   1.9 |  10.0 | 155.0
               +-------+-------+-------+-------+-------+----------------------

Table legend:
 A = Kills in this place as a percentage of kills in entire the game.
 B = Kills by you in this place as a percentage of kills by you in the entire game.
 C = Kills by friends in this place as a percentage of kills by friends in the entire game.
 D = Other kills in this place as a percentage of other kills in the entire game.
 E = Experience gained in this place as a percentage of experience gained in the entire game.
 F = Experience gained in this place divided by the number of levels of this place that you have seen.
                   A       B       C       D       E      F
               +-------+-------+-------+-------+-------+----------------------
         Total | 100.0 | 100.0 |  -nan |  -nan | 100.0 |  24.5
       Dungeon | 100.0 | 100.0 |  -nan |  -nan | 100.0 |  24.5
               +-------+-------+-------+-------+-------+----------------------
